Map: Ultralove

Players

David (iPlayDefense) - Winner!

  • Race: Terran Terran
  • Spawn Location: 7:00

VOD

Have the link to the VOD?

Description

Time

  • Played on: April 4, 2025, 12:56 p.m.
  • Length: 37:56
Show
View Real Time Build Order
Export as new Build Order

David Terran - Winner!

Build Orders:  

Get SALT Encoding   

  12  0:04  SCV  
  13  0:27  Supply Depot  
  13  0:30  SCV  
  14  0:47  SCV  
  15  1:01  Barracks  
  15  1:04  SCV  
  16  1:21  SCV  
  17  1:35  Refinery  
  17  1:43  SCV  
  18  2:00  SCV  
  19  2:11  Refinery  
  19  2:13  Marine  
  19  2:17  SCV  
  21  2:37  SCV, Marine  
  23  3:11  Command Center  
  23  4:51  SCV, Marine  
  23  4:56  Supply Depot  
  25  5:07  SCV  
  26  5:11  SCV  
  26  5:15  Marine  
  28  5:26  SCV  
  28  5:28  Supply Depot, SCV  
  30  5:40  Marine  
  30  5:43  SCV  
  30  5:45  SCV  
  33  6:00  SCV  
  33  6:02  Supply Depot, SCV  
  33  6:05  Marine  
  36  6:17  SCV  
  36  6:19  SCV  
  38  6:30  Marine  
  38  6:34  SCV  
  38  6:38  SCV  
  41  6:52  Bunker  
  41  6:55  SCV, Marine  
  43  7:04  SCV  
  44  7:12  SCV  
  45  7:20  Marine  
  45  7:29  SCV  
  47  7:30  SCV  
  47  7:34  Bunker  
  48  7:45  Marine  
  48  7:46  SCV  
  50  8:09  Factory  
  50  8:10  Marine  
  50  8:18  Bunker  
  51  8:21  Orbital Command  
  49  8:35  Marine  
  50  9:00  Marine  
  51  9:19  Factory Tech Lab  
  51  9:36  Armory  
  51  10:08  Marine  
  52  10:18  Engineering Bay  
  52  10:20  SCV  
  53  10:37  SCV  
  54  10:41  Refinery  
  54  10:54  SCV  
  55  11:09  Siege Tank, Starport x2  
  58  11:11  SCV  
  58  11:16  Refinery  
  59  11:28  SCV  
  60  11:45  SCV  
  60  11:47  Barracks Reactor  
  61  11:53  Terran Vehicle Weapons Level 1  
  61  11:56  Hi-Sec Auto Tracking  
  61  12:08  Supply Depot  
  61  12:22  Supply Depot  
  61  12:38  Siege Tank  
  61  12:39  Supply Depot  
  64  12:45  Starport Tech Lab  
  64  12:46  Starport Tech Lab  
  64  12:54  Supply Depot  
  64  12:56  Terran Infantry Armor Level 1  
  64  13:10  Supply Depot  
  64  13:23  Siege Tank  
  64  13:25  Supply Depot  
  67  13:30  Planetary Fortress  
  67  13:43  Supply Depot  
  67  13:52  Marine  
  67  13:53  Marine  
  69  14:08  Siege Tank  
  72  14:17  Marine  
  72  14:18  Marine  
  74  14:39  Barracks  
  74  14:42  Marine  
  74  14:43  Marine  
  76  15:07  Marine  
  76  15:08  Marine  
  78  15:17  Terran Vehicle Weapons Level 2  
  78  15:36  Terran Infantry Weapons Level 1  
  78  15:54  Barracks Tech Lab  
  78  16:07  Missile Turret  
  78  16:24  Missile Turret  
  78  16:34  Missile Turret  
  78  16:42  Command Center  
  78  16:55  Missile Turret  
  78  17:03  Missile Turret  
  78  17:22  Unknown  
  78  17:29  Missile Turret  
  78  17:44  Fusion Core  
  78  17:58  Siege Tank  
  81  18:09  Marauder  
  83  18:25  Medivac x2  
  83  18:27  Terran Ship Weapons Level 1  
  87  18:34  Bunker  
  87  18:39  Marauder  
  89  18:40  Planetary Fortress  
  89  18:42  Stimpack  
  89  18:43  Siege Tank  
  92  19:03  Supply Depot  
  92  19:18  Bunker  
  92  19:28  Thor  
  98  19:35  Supply Depot  
  98  19:36  Structure Armor  
  98  19:59  Cloaking Field  
  98  20:06  Supply Depot  
  98  20:32  Missile Turret  
  98  20:35  Terran Infantry Weapons Level 2  
  98  21:00  Missile Turret  
  98  21:07  Terran Vehicle And Ship Armor Level 1  
  98  21:16  Marauder  
  100  21:25  Weapon Refit  
  100  21:31  Battlecruiser  
  100  21:32  Concussive Shells, Battlecruiser  
  112  21:46  Marauder  
  114  22:02  Thor  
  114  22:16  Marauder  
  116  22:29  Refinery  
  116  23:01  Battlecruiser x2  
  128  23:41  Marauder  
  128  23:45  Terran Infantry Armor Level 2  
  128  23:47  Terran Vehicle Weapons Level 3  
  130  24:10  Marauder  
  132  24:24  Refinery  
  132  24:55  Supply Depot  
  132  25:19  Command Center  
  132  25:27  Supply Depot  
  112  25:58  Supply Depot  
  112  26:20  Bunker  
  112  26:30  Supply Depot, Marine x2  
  112  26:38  Marauder  
  116  26:45  Battlecruiser x2  
  128  26:55  Marine x2, Terran Infantry Weapons Level 3  
  130  27:01  Missile Turret  
  130  27:02  Bunker  
  130  27:08  Command Center  
  130  27:09  Supply Depot  
  130  27:20  Marine x2  
  130  27:27  Terran Ship Weapons Level 2  
  132  27:41  Supply Depot  
  132  28:12  Supply Depot  
  132  28:14  Battlecruiser  
  132  28:15  Battlecruiser  
  144  29:04  Ghost Academy  
  144  29:50  Command Center  
  144  30:11  Planetary Fortress  
  144  30:15  Planetary Fortress  
  144  30:37  Terran Vehicle And Ship Armor Level 2  
  132  31:52  Refinery  
  129  32:03  Missile Turret  
  126  32:25  Refinery  
  126  32:27  Marine  
  126  32:28  Marine  
  128  32:34  Marauder  
  128  32:35  Missile Turret  
  130  32:43  Siege Tank  
  133  32:52  Marine  
  133  32:53  Marine  
  135  33:04  Supply Depot, Marauder  
  135  33:08  Refinery  
  137  33:17  Marine x2  
  139  33:28  Siege Tank  
  142  33:37  Supply Depot  
  142  33:42  Marine x2, Refinery  
  144  34:13  Siege Tank  
  147  34:25  Bunker  
  147  34:41  Ghost  
  150  34:58  Siege Tank  
  153  35:10  Bunker  
  153  35:21  Ghost  
  156  35:56  Bunker  
  156  36:01  Ghost  
Tags
 
Matchup
Co-op
Replay Pack
DaveSC2
Add a new tag
Caveats
  • Supply blocks, unpowered buildings, or Contaminate may cause inaccurate times.
  • Supply counts are checked every 10 seconds.